 Dungeon Crawl Stone Soup version 0.29.1-15-g9cfb28693d (webtiles) character file.

Game seed: 16171413058295215543

1449519 raph the Ninja (level 27, 182/182 HPs)
             Began as a Kobold Brigand on Apr 27, 2023.
             Was an Initiate of Gozag.
             Escaped with the Orb
             ... and 3 runes!
             The game lasted 02:34:28 (88173 turns).

raph the Ninja (Kobold Brigand)                    Turns: 88173, Time: 02:34:29

Health: 182/182    AC: 26    Str:  8    XL:     27
Magic:  33/33      EV: 44    Int: 12    God:    Gozag
Gold:   3686       SH: 14    Dex: 31    Spells: 15/40 levels left

rFire   + . .      SeeInvis .   a - +9 rapier (vorpal)
rCold   + . .      Faith    .   k - +3 buckler {AC+3}
rNeg    + . .      Spirit   .   I - +6 leather armour "Yno Nex" {Regen+ Slay+2 Stlth+}
rPois   .          Reflect  .   q - +2 hat
rElec   .          Harm     .   c - +2 cloak
rCorr   .          Rampage  .   m - +2 pair of gloves {infuse}
Will    ++...                   t - +2 pair of boots
Stlth   +++++.....              o - amulet of regeneration
HPRegen 2.00/turn               i - ring of Lesser Demons {rC+ rN+ Slay+2 Stlth+}
MPRegen 0.23/turn               l - ring "Ikhoatez" {EV+4 Stlth+}

@: studying Fighting
A: small, no large weapons, nightstalker 3, horns 2, agile 1, fire resistance 1,
sense surroundings 1, weak 1
0: Orb of Zot
}: 3/15 runes: decaying, serpentine, abyssal
a: Renounce Religion, Potion Petition, Call Merchant, Bribe Branch


You escaped.
You worshipped Gozag.
Gozag was most pleased with you.
You visited 11 branches of the dungeon, and saw 48 of its levels.
You visited the Abyss 3 times.
You also visited: Wizlab and Desolation.

You collected 25492 gold pieces.
You spent 6138 gold pieces at shops.
You paid 15668 gold pieces to Gozag.

Inventory:

Hand Weapons
 a - a +9 vorpal rapier (weapon)
 b - the +10 dagger "Ufuom" {vorpal, SInv}
   (You found it in a wizard's laboratory)

   It inflicts extra damage upon your enemies.
   SInv:      It lets you see invisible.
 w - the +12 short sword of Impermanence {vamp, Fly Str+4 Dex+3}
   (You bought it in a shop on level 2 of the Orcish Mines)

   It occasionally heals its wielder for a portion of the damage dealt when it
   wounds a living foe.
   Str:       It affects your strength (+4).
   Dex:       It affects your dexterity (+3).
   Fly:       It grants you flight.
Missiles
 d - 33 poisoned darts (quivered)
 f - a throwing net
 D - 10 curare-tipped darts
 Q - 3 datura-tipped darts
 T - 14 atropa-tipped darts
 Y - 27 boomerangs
Armour
 c - a +2 cloak (worn)
 j - the +2 helmet "Dyivaes" {Dex+2}
   (You bought it in a shop on level 1 of the Depths)

   Dex:       It affects your dexterity (+2).
 k - a +3 buckler of protection (worn)
 m - a +2 pair of gloves of infusion (worn)
 q - a +2 hat (worn)
 t - a +2 pair of boots (worn)
 I - the +6 leather armour "Yno Nex" (worn) {Regen+ Slay+2 Stlth+}
   (You found it on level 2 of the Lair of Beasts)

   Slay:      It affects your accuracy & damage with ranged weapons and melee
   (+2).
   Regen:     It increases your rate of health regeneration.
   Stlth:     It makes you more stealthy.
Jewellery
 i - the ring of Lesser Demons (left hand) {rC+ rN+ Slay+2 Stlth+}
   (You found it on level 3 of the Elven Halls)

   [ring of protection from cold]

   Slay:      It affects your accuracy & damage with ranged weapons and melee
   (+2).
   rC:        It protects you from cold.
   rN:        It protects you from negative energy.
   Stlth:     It makes you more stealthy.
 l - the ring "Ikhoatez" (right hand) {EV+4 Stlth+}
   (You bought it in a shop on level 5 of the Lair of Beasts)

   [ring of evasion]

   EV:        It affects your evasion (+4).
   Stlth:     It makes you more stealthy.
 o - an amulet of regeneration (around neck)
 x - the ring "Plog" {rElec Will+}
   (You found it in the Desolation of Salt)

   [ring of willpower]

   rElec:     It insulates you from electricity.
   Will:      It increases your willpower.
 E - the ring of Soig {rC+ MP+9 Str+4}
   (You found it on level 2 of the Depths)

   [ring of protection from cold]

   Str:       It affects your strength (+4).
   rC:        It protects you from cold.
   MP:        It affects your magic capacity (+9).
Wands
 A - a wand of paralysis (49)
 B - a wand of flame (64)
 C - a wand of iceblast (2)
 G - a wand of mindburst (26)
 R - a wand of digging (11)
 W - a wand of quicksilver (17)
Scrolls
 r - 2 scrolls of fog
 v - 6 scrolls of blinking
 H - 14 scrolls of teleportation
 K - 3 scrolls of fear
 P - a scroll of summoning
 V - 6 scrolls of poison
Potions
 e - 10 potions of brilliance
 g - 17 potions of curing
 h - 3 potions of mutation
 F - 5 potions of ambrosia
 J - 4 potions of cancellation
 L - 2 potions of haste
 S - 3 potions of berserk rage
 U - 3 potions of might
 X - 3 potions of invisibility
Miscellaneous
 s - a lightning rod (4/4)
 u - a phial of floods
 y - a phantom mirror
 z - a box of beasts
 M - a condenser vane


   Skills:
 * Level 21.2 Fighting
 + Level 17.2 Short Blades
 - Level 13.7 Throwing
 + Level 14.3 Armour
 + Level 21.5 Dodging
 O Level 27 Stealth
 + Level 14.5 Shields
 - Level 7.3 Spellcasting
 - Level 6.0 Hexes
 - Level 3.0 Summonings
 - Level 5.6 Translocations
 - Level 4.1 Earth Magic
 + Level 19.1 Evocations


You had 15 spell levels left.
You knew the following spells:

 Your Spells              Type           Power      Damage    Failure   Level
a - Slow                  Hex            76%        N/A       1%          1
b - Blink                 Tloc           36%        N/A       3%          2
c - Confusing Touch       Hex            19%        N/A       6%          3
d - Portal Projectile     Hex/Tloc       36%        N/A       7%          3
e - Call Canine Familiar  Summ           11%        N/A       22%         3
f - Dazzling Flash        Conj/Hex       22%        N/A       22%         3
g - Passwall              Tmut/Erth      7%         N/A       16%         2
h - Call Imp              Summ           11%        N/A       11%         2
i - Tukima's Dance        Hex            19%        N/A       6%          3
j - Swiftness             Air            4%         N/A       58%         3

Your spell library contained the following spells:

 Spells                   Type           Power      Damage    Failure   Level
 Apportation              Tloc           36%        N/A       2%          1
 Sandblast                Erth           28%        2d8       4%          1
 Summon Small Mammal      Summ           44%        N/A       7%          1
 Lesser Beckoning         Tloc           18%        N/A       7%          3
 Teleport Other           Tloc           18%        N/A       7%          3
 Beastly Appendage        Tmut           8%         N/A       26%         1
 Magic Dart               Conj           16%        1d3       26%         1
 Necrotise                Necr           16%        1d4       26%         1
 Shock                    Conj/Air       16%        1d4       26%         1
 Leda's Liquefaction      Hex/Erth       8%         N/A       30%         4
 Stone Arrow              Conj/Erth      18%        3d8       32%         3
 Static Discharge         Conj/Air       4%         3-4/arc   36%         2
 Sublimation of Blood     Necr           4%         N/A       36%         2
 Wereblood                Tmut           4%         N/A       36%         2
 Animate Armour           Summ/Erth      24%        N/A       50%         4
 Manifold Assault         Tloc           18%        N/A       54%         5
 Fulminant Prism          Conj/Hex       5%         3d7       56%         4
 Conjure Flame            Conj/Fire      4%         6-21      58%         3
 Mephitic Cloud           Conj/Pois/Air  4%         N/A       58%         3
 Ozocubu's Armour         Ice            4%         N/A       58%         3
 Spider Form              Tmut/Pois      4%         N/A       58%         3
 Vampiric Draining        Necr           4%         2d6       58%         3
 Iskenderun's Mystic Bla  Conj/Tloc      11%        2d4       58%         4
 Petrify                  Tmut/Erth      9%         N/A       71%         4
 Summon Mana Viper        Hex/Summ       15%        N/A       71%         5
 Lee's Rapid Deconstruct  Erth           7%         3d7*      77%         5
 Metabolic Englaciation   Hex/Ice        5%         N/A       89%         5
 Airstrike                Air            2%         2d(1-17)  94%         4
 Dispel Undead            Necr           4%         3d7       94%         4
 Sticky Flame             Conj/Fire      4%         2d3       94%         4
 Borgnjor's Vile Clutch   Necr/Erth      4%         N/A       96%         5
 Alistair's Intoxication  Tmut/Pois      2%         N/A       100%        5
 Blade Hands              Tmut           2%         N/A       100%        5
 Irradiate                Conj/Tmut      2%         3d12      100%        5
 Conjure Ball Lightning   Conj/Air       2%         3x3d6     100%        6
 Eringya's Noxious Bog    Tmut/Pois      2%         N/A       100%        6
 Iron Shot                Conj/Erth      4%         9d2       100%        6
 Starburst                Conj/Fire      2%         6d3       100%        6
 Statue Form              Tmut/Erth      6%         N/A       100%        6
 Ozocubu's Refrigeration  Ice            2%         4d7       100%        7
 Storm Form               Tmut/Air       2%         N/A       100%        7
 Borgnjor's Revivificati  Necr           2%         N/A       100%        8
 Discord                  Hex            9%         N/A       100%        8
 Disjunction              Tloc           9%         N/A       100%        8
 Lehudib's Crystal Spear  Conj/Erth      4%         10d3      100%        8
 Necromutation            Tmut/Necr      2%         N/A       100%        8
 Death's Door             Necr           2%         N/A       100%        9


Dungeon Overview and Level Annotations

Branches:
Dungeon (15/15)            Temple (1/1) D:6            Lair (5/5) D:8
  Swamp (4/4) Lair:3        Snake (4/4) Lair:3        Slime (0/5) Lair:5
    Orc (2/2) D:11            Elf (3/3) Orc:2        Vaults (4/5) D:14
  Crypt (0/3) Vaults:3     Depths (4/4) D:15           Hell (visited)
    Zot (5/5) Depths:4     WizLab (visited)         Desolation (visited)
    Dis: Hell:1         Geh: Hell:1         Coc: Hell:1         Tar: Hell:1

Altars:
Ashenzari
Cheibriados
Dithmenos
Elyvilon
Fedhas
Gozag
Hepliaklqana
Kikubaaqudgha
Makhleb
Nemelex Xobeh
Okawaru
Qazlal
Ru
Sif Muna
Trog
Uskayaw
Vehumet
Wu Jian
Xom
Yredelemnul
Zin
The Shining One
Jiyva
Lugonu

Shops:
D:2 :   D:4 *   D:12 (   D:13 [   Orc:2 !:*:   Elf:3 [   Lair:5 *=   Vaults:1 ?
Vaults:4 [   Depths:1 (?[[   Depths:3 **

Portals:
Hell: Depths:1 Depths:2 Depths:3 Depths:4
Abyss: Depths:1 Depths:3 Depths:4
Pandemonium: Depths:1 Depths:2 Depths:3 Depths:4
Ziggurat: Depths:3

Annotations:
Lair:4 2 exclusions
Elf:2 3 runed translucent doors, exclusion: orange crystal statue
Zot:2 2 transporters


Innate Abilities, Weirdness & Mutations

You are small and have problems with some larger weapons.
You are completely attuned to the shadows.
You have a pair of horns on your head.
You are agile. (Dex +4, Str/Int -1)
Your flesh is heat resistant. (rF+)
You passively map a small area around you.
You are weak. (Str -2)


Message History

A Tzitzimitl comes into view.
Okay, then.
The Tzitzimitl calls on the powers of darkness!
Your body is wracked with pain!
There is a stone staircase leading up here.
You climb upwards.
There is a stone staircase leading down here.
There is an open door here.
Casting: Passwall (safe; 16% risk of failure)
Confirm with . or Enter, or press ? or * to list all spells.
Aiming: Passwall (safe; 16% risk of failure)
Press: ? - help, Dir - move target A rock wall.
This square is covered in magical glow.
You begin to meditate on the wall.
You continue meditating on the rock. x2
You finish merging with the rock.
There is a stone staircase leading up here.
Things that are here:
a scroll of vulnerability; a +0 leather armour; a +0 trident You climb upwards.
There is a stone staircase leading down here.
HP restored.
There is a stone staircase leading up here.
You climb upwards.
There is a stone staircase leading down here.
A red devil comes into view. It is wielding a +0 trident.
The red devil completely misses you. You block the red devil's attack.
You block the red devil's attack. The red devil completely misses you.
There is a stone staircase leading up here.
You block the red devil's attack.
You climb upwards.
There is a stone staircase leading down here.
There is a stone staircase leading up here.
You climb upwards.
There is a stone staircase leading down here.
There is an open door here.
There is a staircase leading out of the dungeon here.
You have escaped!

#..............####.##
#.. ###'##########.#
#..# #.. #.# #.# ##.#
#.. #.# #####'#####.#
#.. #.######.........#.#
#.. #......#.........#.#
#.. ######.#..⌠...⌠..#.#
#.. #.#.........#.# #..
#.+....@....'.# #..
#.#.........#.# #).
#.#..⌠...⌠..#.# #..
#.#.........#.# #..
#.#.........#.##### ##.
#.#####'#####.....## #..
#.#........######..###.#
#............# ##.....#
###.######.#.# ##.>...


There were no monsters in sight!

Vanquished Creatures
  An ancient lich (Depths:1)
  Mara (Snake:3)
  6 juggernauts
  Saint Roka (Elf:3)
  Frederick (Depths:3)
  A curse toe (Zot:4)
  The ghost of casual the Hoplite, a veteran MiMo of Hepliaklqana (Vaults:2)
  5 golden dragons (Depths:2)
  4 bone dragons
  2 electric golems
  A Tzitzimitl (D:13)
  6 tentacled monstrosities (Depths:3)
  Mlioglotl (Swamp:2)
  Rupert (D:13)
  2 walking crystal tomes (Abyss:4)
  An Orb Guardian (Zot:5)
  Asterion (Elf:2)
  9 liches
  2 deep elf blademasters (Elf:3)
  2 titans (Depths:3)
  3 quicksilver dragons
  A walking frostbound tome (Depths:3)
  A deep elf master archer (Elf:3)
  2 walking divine tomes (Depths:3)
  7 sphinxes
  13 tentacled starspawn
  An ancient champion (Vaults:2)
  Frances (Swamp:2)
  4 shadow dragons
  Kirke (D:12)
  A tengu reaver (Depths:3)
  2 revenants
  Donald (Vaults:1)
  14 fire giants
  5 storm dragons
  3 nagarajas (Snake:4)
  8 deep elf sorcerers
  The ghost of Xanler the Tortoise, a journeyman MiBe of Trog (Swamp:2)
  Aizul (Snake:4)
  2 imperial myrmidons (Desolation)
  12 frost giants
  An orc warlord (Vaults:4)
  A fenstrider witch (Swamp:2)
  3 iron dragons
  2 balrugs (Abyss:4)
  A ghost moth (Zot:5)
  12 vault wardens
  5 deep elf elementalists (Elf:3)
  3 angels (WizLab)
  2 draconian scorchers (Zot:1)
  A draconian shifter (Abyss:4)
  A reaper (Abyss:4)
  A draconian stormcaller (Depths:4)
  4 spriggan defenders
  3 war gargoyles
  A draconian annihilator (Abyss:4)
  Nessos (D:12)
  9 ironbound thunderhulks
  10 ironbound preservers
  12 stone giants
  17 very ugly things
  3 black draconians
  4 green draconians
  2 halazid warlocks (Desolation)
  2 vampire knights
  4 eleionomae
  Azrael (D:13)
  8 dire elephants
  3 deep elf demonologists (Elf:3)
  2 entropy weavers
  A purple draconian (Depths:3)
  3 white draconians
  5 spark wasps
  7 deep elf annihilators
  9 ettins
  3 yellow draconians
  6 deep elf death magi
  A red draconian (Depths:4)
  A blizzard demon (Abyss:4)
  A spriggan zombie (Abyss:1)
  10 fire dragons
  2 green deaths
  6 yaktaur captains
  7 crystal guardians
  A jiangshi (Abyss:3)
  7 ragged hierophants (Desolation)
  3 deep elf high priests (Elf:3)
  The ghost of Hyumith the Protected, a journeyman MiFi of Okawaru (Lair:2)
  15 ice dragons
  5 great orbs of eyes
  A catoblepas (Lair:5)
  18 peacekeepers
  3 salamander tyrants
  A hell beast (Depths:2)
  8 servants of whispers (Desolation)
  4 boulder beetles
  6 spriggan air magi
  3 rakshasas (Depths:3)
  3 ghost crabs
  An anaconda (shapeshifter) (Depths:3)
  6 anacondas
  9 hydras
  12 vault guards
  5 two-headed ogres
  8 ironbound frosthearts
  6 alligators
  A death knight (D:11)
  9 deep troll shamans
  16 dancing weapons
  4 centaur warriors
  3 death yaks (Lair:2)
  12 deep troll earth magi
  17 naga warriors
  2 tengu warriors
  An orc high priest (Orc:2)
  2 vampire magi
  26 thrashing horrors
  6 hell hogs
  6 spriggan berserkers
  3 hell knights (Depths:3)
  2 soul eaters
  19 spriggans
  13 naga sharpshooters
  2 titan zombies
  12 sun demons
  Sonja (Lair:4)
  5 deep elf knights (Elf:1)
  10 wretched stars
  7 shock serpents
  A skeletal warrior (D:11)
  6 goliath frogs
  8 spatial maelstroms
  Lodul (D:12)
  61 deep trolls
  A steelbarb worm (shapeshifter) (Abyss:4)
  3 sixfirhies
  4 spriggan druids
  2 salamander mystics
  4 sea snakes (Snake:4)
  13 starcursed masses
  A golden dragon zombie (Depths:3)
  9 iron trolls
  2 swamp dragons (Swamp:4)
  5 naga ritualists (Snake:4)
  11 wizards
  6 bog bodies
  A death drake (Swamp:3)
  3 spectral hydras (Swamp:4)
  16 ironbound convokers
  5 flayed ghosts
  A golden dragon skeleton (Depths:3)
  4 orc knights
  10 deep elf archers
  4 glowing orange brains
  10 lindwurms
  4 necromancers
  10 mana vipers
  3 phantasmal warriors
  A harpy (Vaults:2)
  15 salamanders
  12 deep elf zephyrmancers
  58 ugly things
  A stone giant zombie (Abyss:4)
  A wolf spider (Lair:5)
  A tengu skeleton (Depths:3)
  3 worldbinders
  17 deep elf pyromancers
  A manticore (D:13)
  A mana viper (shapeshifter) (Depths:2)
  4 orc sorcerers
  2 shining eyes
  2 will-o-the-wisps
  An iron dragon skeleton (Abyss:4)
  4 cyclopes
  5 moths of wrath
  A human zombie (Vaults:2)
  An ice statue (D:12)
  14 naga magi
  2 apocalypse crabs
  22 elephants
  4 orange demons
  25 black mambas
  4 rust devils (Depths:4)
  19 vault sentinels
  7 molten gargoyles
  5 torpor snails (Lair:5)
  3 eyes of devastation
  14 cane toads
  An unseen horror (D:10)
  9 guardian serpents
  5 kobold demonologists
  12 smoke demons
  An unseen horror (shapeshifter) (D:14)
  8 gargoyles
  24 yaktaurs
  2 hellions
  2 rime drakes
  2 swamp worm zombies (Swamp:4)
  2 freezing wraiths
  An alligator snapping turtle skeleton (Abyss:4)
  A rime drake (shapeshifter) (D:14)
  12 komodo dragons
  5 tengu conjurers
  2 ice devils (Abyss:1)
  A tormentor (Abyss:4)
  5 hellwings
  7 ancient zymes
  A yaktaur zombie (Vaults:2)
  A red devil (Depths:2)
  2 bloated husks
  4 hydra zombies (Swamp:4)
  3 polar bears
  30 large abominations
  13 tyrant leeches
  A troll (shapeshifter) (Abyss:1)
  5 trolls
  27 hornets
  A hydra skeleton (Abyss:1)
  A slime creature (shapeshifter) (Depths:2)
  32 raiju
  3 spectral swamp dragons (Swamp:4)
  21 blink frogs
  24 slime creatures
  41 saltlings (Desolation)
  4 alligator zombies (Swamp:4)
  A culicivora (Vaults:3)
  An ettin skeleton (Vaults:2)
  An air elemental (Elf:3)
  10 flying skulls
  8 ynoxinuls
  15 wyverns
  2 shadows
  5 wraiths
  3 water elementals
  A black mamba skeleton (Abyss:1)
  64 yaks
  2 vampires
  7 humans (D:14)
  3 fire bats (Depths:3)
  6 basilisks
  9 fire elementals
  4 chaos spawn
  A steam dragon (D:9)
  10 neqoxecs
  34 vampire mosquitoes
  5 redbacks
  7 spatial vortices
  2 wargs
  An acid dragon (D:11)
  Edmund (D:5)
  41 nagas
  10 swamp worms
  2 floating eyes
  16 water moccasins
  A glowing shapeshifter skeleton (Depths:3)
  8 hell hounds
  2 black bears (shapeshifter)
  3 swamp dragon zombies (Swamp:4)
  19 orc warriors
  2 swamp drakes
  10 ice beasts
  10 ogres
  A black bear (Lair:1)
  2 sky beasts
  5 centaurs
  11 boggarts
  26 wolves
  A phantom (Swamp:4)
  2 kobold brigands (D:12)
  Blork the orc (D:5)
  7 bullfrogs
  A necrophage (D:6)
  6 earth elementals
  5 scorpions
  23 wights
  9 killer bees
  A human simulacrum (Vaults:2)
  8 electric eels
  10 howler monkeys
  A crimson imp (Abyss:1)
  6 hounds
  2 quasits
  11 small abominations
  2 iron imps (Abyss:1)
  2 jellies
  A gnoll bouda (D:7)
  23 orc priests
  2 iguanas
  30 orc wizards
  2 lightning spires (WizLab)
  2 spectral swamp drakes (Swamp:4)
  2 polar bear simulacra (Lair:2)
  5 wolf simulacra (Lair:2)
  2 yak simulacra (Lair:2)
  7 gnolls
  2 adders (D:6)
  A shadow imp (D:6)
  7 white imps
  3 ufetubi
  A worm (D:2)
  2 dart slugs
  51 orcs
  6 ball pythons
  3 bats
  4 endoplasms
  A giant cockroach (D:1)
  7 goblins
  2 hobgoblins
  4 jackals
  2 quokkas
  A frilled lizard (D:2)
  5 kobolds
  6 rats
  2 river rat simulacra (Lair:2)
  3 lurking horrors
  9 starspawn tentacles
2062 creatures vanquished.

Vanquished Creatures (collateral kills)
  A Killer Klown (Zot:5)
  A golden dragon (Zot:5)
  An electric golem (Zot:5)
  15 Orb Guardians (Zot:5)
  A tentacled starspawn (Abyss:4)
  An imperial myrmidon (Desolation)
  A green draconian (Zot:4)
  2 white draconians
  A yellow draconian (Zot:4)
  A peacekeeper (Desolation)
  A deep elf archer (Elf:1)
  2 orc sorcerers (Orc:2)
  A moth of wrath (Zot:5)
  A smoke demon (Abyss:4)
  A hellion (Abyss:4)
  2 saltlings (Desolation)
  A raiju (Abyss:4)
  A flying skull (Abyss:4)
  An ogre (Orc:1)
  An orc priest (Orc:2)
  2 orc wizards
39 creatures vanquished.

Vanquished Creatures (others)
  2 dread liches
  An ancient lich (Zot:5)
  An electric golem (Zot:5)
  A tentacled monstrosity (Zot:5)
  3 Orb Guardians (Zot:5)
  A quicksilver dragon (Zot:2)
  A deep elf master archer (Elf:3)
  2 death cobs
  2 draconian monks (Zot:5)
  2 draconian knights
  3 draconian annihilators
  2 draconian shifters
  A demonspawn corrupter (Zot:1)
  4 black draconians
  3 green draconians (Zot:4)
  2 red draconians (Zot:5)
  4 yellow draconians
  6 purple draconians
  A deep elf death mage (Elf:3)
  2 vault guards (D:14)
  A deep troll (Vaults:4)
  A phantasmal warrior (Swamp:4)
  A deep elf pyromancer (Elf:1)
  2 moths of wrath
  3 bloated husks (Swamp:4)
  A large abomination (Abyss:4)
  A saltling (Desolation)
  6 humans (D:12)
  An orc warrior (Orc:2)
  A small abomination (Abyss:4)
  An ogre (D:12)
  4 phantoms (Swamp:4)
  An orc wizard (Orc:2)
  20 fungi
  A lurking horror (Abyss:4)
  54 plants
  27 starspawn tentacles
170 creatures vanquished.

Grand Total: 2271 creatures vanquished

Notes
Turn   | Place    | Note
-------+----------+-------------------------------------------
     0 | D:1      | raph the Kobold Brigand began the quest for the Orb.
     0 | D:1      | Reached XP level 1. HP: 12/12 MP: 1/1
   112 | D:1      | Reached XP level 2. HP: 17/17 MP: 2/2
   942 | D:1      | Reached skill level 6 in Stealth
   942 | D:1      | Reached XP level 3. HP: 21/21 MP: 3/3
  1225 | D:2      | Found Qobahuy's Book Boutique.
  1501 | D:2      | Learned a level 1 spell: Slow
  2523 | D:3      | Found a faded altar of an unknown god.
  2773 | D:3      | Reached XP level 4. HP: 12/26 MP: 4/4
  3358 | D:4      | Found Epuil's Assorted Antiques.
  3510 | D:4      | Noticed a scorpion
  3545 | D:4      | Killed a scorpion
  3546 | D:4      | Reached skill level 5 in Short Blades
  3546 | D:4      | Reached skill level 7 in Stealth
  3546 | D:4      | Reached XP level 5. HP: 30/30 MP: 2/5
  4169 | D:5      | Entered Level 5 of the Dungeon
  4202 | D:5      | Reached XP level 6. HP: 35/35 MP: 4/6
  4264 | D:5      | Reached skill level 8 in Stealth
  4317 | D:5      | Noticed Blork the orc
  4321 | D:5      | Killed Blork the orc
  4359 | D:5      | Noticed Edmund
  4363 | D:5      | Killed Edmund
  4364 | D:5      | Reached XP level 7. HP: 40/40 MP: 5/7
  4368 | D:5      | Reached skill level 9 in Stealth
  4443 | D:5      | Noticed a water moccasin
  4458 | D:5      | Killed a water moccasin
  4556 | D:5      | Reached XP level 8. HP: 44/44 MP: 6/8
  4930 | D:6      | Identified the ring "Sesel" {*Slow rPois rF+ rC+ Int+2}
  5067 | D:6      | Reached skill level 10 in Stealth
  5088 | D:6      | Found a staircase to the Ecumenical Temple.
  5094 | Temple   | Entered the Ecumenical Temple
  5107 | Temple   | Became a worshipper of Gozag Ym Sagoz the Greedy
  5921 | D:6      | Found a blossoming altar of Fedhas.
  5963 | D:6      | Reached skill level 11 in Stealth
  6912 | D:6      | Reached XP level 9. HP: 48/48 MP: 5/9
  7081 | D:7      | Reached skill level 10 in Short Blades
  7608 | D:7      | Reached skill level 12 in Stealth
  9005 | D:8      | Noticed a troll
  9024 | D:8      | Reached XP level 10. HP: 58/58 MP: 5/10
  9113 | D:8      | Reached skill level 5 in Fighting
  9113 | D:8      | Reached skill level 5 in Dodging
  9134 | D:8      | Reached skill level 5 in Throwing
  9196 | D:8      | Reached skill level 13 in Stealth
  9288 | D:8      | Found a staircase to the Lair.
  9705 | D:8      | Noticed a gargoyle
  9709 | D:8      | Killed a gargoyle
  9716 | D:8      | Found the +6 shillelagh "Devastator" {shatter}
  9719 | D:8      | Noticed a two-headed ogre
  9721 | D:8      | Noticed a two-headed ogre
  9724 | D:8      | Killed a two-headed ogre
  9726 | D:8      | Killed a two-headed ogre
  9727 | D:8      | Reached skill level 14 in Stealth
  9727 | D:8      | Reached XP level 11. HP: 66/66 MP: 7/11
 10029 | Lair:1   | Entered Level 1 of the Lair of Beasts
 10887 | Lair:1   | Learned a level 2 spell: Blink
 11269 | Lair:2   | Reached skill level 1 in Spellcasting
 11269 | Lair:2   | Reached skill level 1 in Translocations
 11481 | Lair:2   | Found a runed translucent door.
 11528 | Lair:2   | Reached skill level 15 in Stealth
 11789 | Lair:2   | Noticed an elephant
 11789 | Lair:2   | Noticed an elephant
 11791 | Lair:2   | Noticed Hyumith's ghost (journeyman MiFi)
 11809 | Lair:2   | Killed an elephant
 11833 | Lair:2   | Killed an elephant
 11936 | Lair:2   | Noticed a death yak
 11949 | Lair:2   | Noticed a death yak
 11951 | Lair:2   | Noticed a death yak
 12217 | Lair:2   | Noticed a boulder beetle
 12235 | Lair:1   | Killed a boulder beetle
 12377 | Lair:2   | Noticed a necromancer
 12381 | Lair:2   | Killed a necromancer
 12438 | Lair:2   | Reached XP level 12. HP: 73/73 MP: 9/16
 12805 | Lair:2   | Identified the +6 leather armour "Yno Nex" {Regen+ Slay+2
                  | Stlth+}
 13119 | Lair:3   | Reached skill level 16 in Stealth
 13406 | Lair:3   | Learned a level 3 spell: Confusing Touch
 13588 | Lair:3   | Reached skill level 1 in Hexes
 14137 | Lair:3   | Reached skill level 1 in Armour
 14260 | Lair:3   | Found a staircase to the Swamp.
 14396 | Lair:3   | Found a staircase to the Snake Pit.
 15059 | Lair:4   | Noticed a five-headed hydra
 15064 | Lair:4   | Killed a five-headed hydra
 15065 | Lair:4   | Reached XP level 13. HP: 80/80 MP: 12/19
 15078 | Lair:3   | Reached skill level 17 in Stealth
 15615 | Lair:4   | Noticed Sonja
 15633 | Lair:4   | Killed Sonja
 15634 | Lair:4   | Reached skill level 10 in Dodging
 15634 | Lair:4   | Reached skill level 5 in Spellcasting
 16213 | D:2      | Bought a manual of Evocations for 960 gold pieces
 16925 | Lair:4   | Reached skill level 1 in Evocations
 17276 | Lair:5   | Entered Level 5 of the Lair of Beasts
 17448 | Lair:5   | Reached skill level 18 in Stealth
 18189 | Lair:5   | Reached XP level 14. HP: 87/87 MP: 19/22
 18198 | Lair:5   | Reached skill level 10 in Fighting
 18368 | Lair:5   | Reached skill level 5 in Evocations
 18812 | Lair:5   | Found a viscous altar of Jiyva.
 18812 | Lair:5   | Found a staircase to the Slime Pits.
 19098 | Lair:5   | Found a runed translucent door.
 19148 | Lair:5   | Reached skill level 19 in Stealth
 19856 | Lair:5   | Learned a level 3 spell: Portal Projectile
 19860 | Lair:5   | Learned a level 3 spell: Call Canine Familiar
 20558 | D:9      | Found a shadowy altar of Dithmenos.
 20785 | D:9      | Found a bloodstained altar of Trog.
 20831 | D:9      | Reached skill level 1 in Summonings
 21942 | D:10     | Entered Level 10 of the Dungeon
 22027 | D:10     | Found a radiant altar of Vehumet.
 22458 | D:10     | Found an iron altar of Okawaru.
 23083 | D:10     | Reached XP level 15. HP: 93/93 MP: 21/23
 23767 | D:11     | Found a staircase to the Orcish Mines.
 24330 | D:11     | Found a hazy altar of Hepliaklqana.
 24825 | D:11     | Reached skill level 20 in Stealth
 25044 | Orc:1    | Entered Level 1 of the Orcish Mines
 25050 | Orc:1    | Reached skill level 5 in Armour
 25726 | Orc:2    | Entered Level 2 of the Orcish Mines
 25726 | Orc:2    | Found a staircase to the Elven Halls.
 26551 | Orc:2    | Found Bahotuom's Book Shoppe.
 26552 | Orc:2    | Found Gitoh's Distillery.
 26553 | Orc:2    | Found Giguruox's Assorted Antiques.
 26554 | Orc:2    | Found Qisum's Book Emporium.
 26560 | Orc:2    | Bought a book of Spectacle for 416 gold pieces
 26564 | Orc:2    | Learned a level 3 spell: Dazzling Flash
 26571 | Orc:2    | Bought a pitted short sword for 272 gold pieces
 26571 | Orc:2    | Identified the +12 short sword of Impermanence {vamp, Fly
                  | Str+4 Dex+3} (You bought it in a shop on level 2 of the
                  | Orcish Mines)
 26571 | Orc:2    | Bought a scroll of identify for 68 gold pieces
 26572 | Orc:2    | Bought a potion of haste for 150 gold pieces
 26572 | Orc:2    | Bought a potion of invisibility for 120 gold pieces
 26573 | Orc:2    | Bought a potion of haste for 150 gold pieces
 27603 | D:4      | Bought a scroll of teleportation for 84 gold pieces
 27603 | D:4      | Bought a potion of heal wounds for 140 gold pieces
 27603 | D:4      | Bought a wand of paralysis (4) for 268 gold pieces
 27844 | D:12     | Noticed Nessos
 27861 | D:12     | Killed Nessos
 28190 | D:12     | Noticed Kirke
 28229 | D:12     | Killed Kirke
 28562 | D:2      | Bought a book of Geomancy for 216 gold pieces
 28565 | D:2      | Learned a level 2 spell: Passwall
 28954 | D:12     | Noticed Lodul
 30047 | D:12     | Reached skill level 1 in Earth Magic
 30213 | D:12     | Killed Lodul
 30541 | D:13     | Noticed Azrael
 30555 | D:13     | Killed Azrael
 30716 | D:13     | Noticed Rupert
 30720 | D:13     | Killed Rupert
 30867 | D:12     | Bought a runed rapier for 175 gold pieces
 30867 | D:12     | Bought an encrusted dagger for 175 gold pieces
 30867 | D:12     | Identified the +4 dagger of Hiorgheud {venom, rN++ Str-2
                  | Dex+2} (You bought it in a shop on level 12 of the Dungeon)
 30923 | D:13     | Reached skill level 10 in Evocations
 30964 | D:13     | Reached XP level 16. HP: 83/100 MP: 12/25
 31599 | D:13     | Identified a scroll of acquirement
 31599 | D:13     | Acquired a +6 rapier of protection
 31941 | D:14     | Reached skill level 5 in Hexes
 32107 | D:14     | Reached skill level 21 in Stealth
 32712 | D:14     | Found a gate to the Vaults.
 33241 | D:15     | Entered Level 15 of the Dungeon
 33729 | D:15     | Noticed a fire giant
 33750 | D:15     | Found a staircase to the Depths.
 33752 | D:15     | Killed a fire giant
 35384 | Lair:2   | Killed Hyumith's ghost
 35465 | Lair:5   | Bought a scroll of identify for 26 gold pieces
 35469 | Lair:5   | Bought the ring "Udod" {rPois Will+} for 687 gold pieces
 35518 | Swamp:1  | Entered Level 1 of the Swamp
 35527 | Swamp:1  | Reached skill level 5 in Translocations
 35838 | Swamp:1  | Reached skill level 1 in Shields
 36056 | Swamp:1  | Reached XP level 17. HP: 106/106 MP: 25/27
 36666 | Swamp:2  | Noticed Frances
 36670 | Swamp:2  | Killed Frances
 36673 | Swamp:2  | Noticed Mlioglotl
 36743 | Swamp:2  | Killed Mlioglotl
 37216 | Swamp:2  | Found a runed translucent door.
 37217 | Swamp:2  | Found a shimmering altar of Xom.
 37217 | Swamp:2  | Noticed Xanler's ghost (journeyman MiBe)
 37224 | Swamp:2  | Killed Xanler's ghost
 38045 | Swamp:3  | Reached skill level 22 in Stealth
 38674 | Swamp:4  | Entered Level 4 of the Swamp
 40258 | Swamp:4  | Reached XP level 18. HP: 112/112 MP: 0/28
 40435 | Swamp:4  | Noticed a bone dragon
 40831 | Swamp:4  | Got a decaying rune of Zot
 41098 | Snake:1  | Entered Level 1 of the Snake Pit
 41749 | Snake:1  | Identified the +5 ring mail of the Known World {rCorr Str+3
                  | Dex-3}
 42814 | Snake:1  | Reached skill level 5 in Shields
 43391 | Snake:2  | Found a basalt altar of Yredelemnul.
 43801 | Snake:2  | Reached skill level 23 in Stealth
 44870 | Snake:3  | Noticed Mara
 44874 | Snake:3  | Killed Mara
 45105 | Snake:3  | Found a sparkling altar of Nemelex Xobeh.
 45499 | Snake:4  | Entered Level 4 of the Snake Pit
 46354 | Snake:4  | Noticed Aizul
 46376 | Snake:4  | Killed Aizul
 46878 | Snake:4  | Reached XP level 19. HP: 119/119 MP: 27/29
 48032 | Snake:4  | Reached skill level 24 in Stealth
 48055 | Snake:4  | Got a serpentine rune of Zot
 48728 | Lair:5   | Bought the ring "Ikhoatez" {EV+4 Stlth+} for 870 gold
                  | pieces
 49037 | Vaults:1 | Entered Level 1 of the Vaults
 50605 | Vaults:1 | Noticed Donald
 50610 | Vaults:1 | Killed Donald
 50611 | Vaults:1 | Reached skill level 15 in Dodging
 51307 | Vaults:1 | Found Fiqei's Magic Scroll Shoppe.
 51312 | Vaults:1 | Reached XP level 20. HP: 127/127 MP: 28/30
 51340 | Vaults:1 | Bought a scroll of teleportation for 45 gold pieces
 51340 | Vaults:1 | Bought a scroll of magic mapping for 112 gold pieces
 51551 | Vaults:1 | Reached skill level 25 in Stealth
 51703 | Vaults:2 | Found a runed translucent door.
 51710 | Vaults:2 | Noticed casual's ghost (veteran MiMo)
 55898 | Vaults:3 | Found a staircase to the Crypt.
 56091 | Vaults:3 | Reached skill level 26 in Stealth
 56129 | Vaults:3 | Reached XP level 21. HP: 132/132 MP: 18/31
 57169 | Vaults:3 | Identified the +0 robe of Rathuvauc {rF++ rN+ Slay-6}
 57337 | Vaults:4 | Found Ybecepu's Armour Shop.
 57480 | Vaults:4 | Found a crumbling gateway.
 57503 | Vaults:4 | Reached skill level 10 in Shields
 57562 | Vaults:4 | Reached skill level 15 in Fighting
 57681 | Desolati | Entered the Desolation of Salt
 57877 | Desolati | Identified the amulet of Ywem {Acrobat rF- rN+++ Int+8
                  | Dex-3}
 57927 | Desolati | Identified the ring "Plog" {rElec Will+}
 57951 | Desolati | Identified the +4 scale mail of Restlessness {Int+3 Dex+2}
 58204 | Desolati | Reached skill level 10 in Armour
 58276 | Desolati | Identified the +10 plate armour "Qiom" {Drain Dex+3}
 58282 | Desolati | Identified the ring "Cucysik" {Ice Str+4}
 58690 | Desolati | Identified the ring of Xiecwus {rN+ Dex+6}
 58708 | Desolati | Reached skill level 27 in Stealth
 58714 | Desolati | Identified the ring "Suthrub" {rCorr Str+6 Int+4 Stlth+}
 58733 | Desolati | Got Eclit's Encyclopedia of the Scorched Escort
 58734 | Desolati | Identified the amulet "Qozooguw" {Faith Will+}
 60365 | Vaults:4 | Reached XP level 22. HP: 141/141 MP: 25/32
 60467 | Vaults:4 | Learned a level 2 spell: Call Imp
 61531 | Elf:1    | Entered Level 1 of the Elven Halls
 61747 | Elf:1    | Identified the +6 flail of Conformity {flame, Dex+3 SInv}
 61887 | Elf:1    | HP: 2/141 [deep elf annihilator/crystal spear (61)]
 62914 | Elf:2    | Noticed Asterion
 62919 | Elf:2    | Killed Asterion
 63141 | Elf:2    | Found a magical portal.
 63147 | WizLab   | Entered Maxwell's Workshop
 63313 | WizLab   | Found the +2 Maxwell's thermic engine {flame, freeze}
 63374 | WizLab   | Identified the ring "Tecvoshrees" {Ice Dex+3 SInv}
 64450 | WizLab   | Identified the +10 dagger "Ufuom" {vorpal, SInv}
 64496 | WizLab   | Identified the +8 sling of Vodka {vorpal, rElec}
 64497 | WizLab   | Identified the +2 pair of gloves of Wisdom {rN+ Int+4}
 64660 | Elf:2    | Found a runed translucent gate.
 64668 | Elf:2    | Found a runed translucent gate.
 64669 | Elf:2    | Found a runed translucent gate.
 65300 | Elf:3    | Entered Level 3 of the Elven Halls
 65362 | Elf:3    | Found Muikaxi's Antique Armour Emporium.
 65366 | Elf:3    | Noticed Saint Roka
 65393 | Elf:3    | Killed Saint Roka
 65648 | Elf:3    | Bought a pair of glowing gloves for 195 gold pieces
 65885 | Elf:2    | Found a shimmering blue altar of Sif Muna.
 66057 | Elf:3    | Reached XP level 23. HP: 121/148 MP: 15/33
 66070 | Elf:3    | Reached skill level 10 in Throwing
 66472 | Elf:3    | Identified the ring of Lesser Demons {rC+ rN+ Slay+2
                  | Stlth+}
 66483 | Elf:3    | Identified the ring of Ciqabe Haxi {Will+ Str+2 Int+6}
 66485 | Elf:3    | Identified the +6 war axe of Exquisite Death {elec, SInv
                  | Stlth+}
 66495 | Elf:3    | Got the Secrets of Elsewhere and Confrontation
 66545 | Elf:3    | Identified the +2 trident of Uresefon {venom, rElec rCorr
                  | Str-4 Int+9}
 66565 | Elf:3    | Identified the +1 ring mail of Shrieking Salvation {Regen+
                  | Str+3 Slay-2}
 67615 | Elf:3    | Identified the +9 triple crossbow "Idupeoq" {freeze, rF+
                  | rC+ SInv}
 67893 | Depths:1 | Entered Level 1 of the Depths
 68540 | Depths:1 | Found an ancient bone altar of Kikubaaqudgha.
 68589 | Depths:1 | Reached skill level 15 in Evocations
 68788 | Depths:1 | Found Suudiuk's Weapon Emporium.
 68830 | Depths:1 | Found a one-way gate leading to the halls of Pandemonium.
 68907 | Depths:1 | Found a gateway to Hell.
 69067 | Depths:1 | Found Gahog's Antique Armour Shoppe.
 69145 | Depths:1 | Found Daghoth's Antique Armour Boutique.
 69150 | Depths:1 | Bought a translucent helmet for 313 gold pieces
 69150 | Depths:1 | Identified the +2 helmet "Dyivaes" {Dex+2} (You bought it
                  | in a shop on level 1 of the Depths)
 69336 | Depths:1 | Found Honkuon's Magic Scroll Boutique.
 69341 | Depths:1 | Bought a scroll of teleportation for 36 gold pieces
 69341 | Depths:1 | Bought 2 scrolls of teleportation for 72 gold pieces
 69341 | Depths:1 | Bought a scroll of fear for 48 gold pieces
 69425 | Depths:1 | Found a corrupted altar of Lugonu.
 69426 | Depths:1 | Found a one-way gate to the infinite horrors of the Abyss.
 70374 | Depths:2 | Noticed a golden dragon
 70452 | Depths:2 | Reached skill level 15 in Short Blades
 70507 | Depths:2 | Killed a golden dragon
 70510 | Depths:2 | Noticed a golden dragon
 70742 | Depths:2 | Killed a golden dragon
 70760 | Depths:2 | Noticed a golden dragon
 70825 | Depths:2 | Killed a golden dragon
 70833 | Depths:1 | HP: 7/150 [poison (poison gas)]
 70838 | Depths:1 | HP: 7/150 [poison (poison gas)]
 71548 | Depths:2 | Identified the ring of Soig {rC+ MP+9 Str+4}
 71704 | Depths:2 | Identified the +4 trident of Circular Logic {vorpal, +Blink
                  | rCorr}
 71713 | Depths:2 | Reached XP level 24. HP: 156/156 MP: 31/33
 72085 | Depths:2 | Found a broken altar of Ashenzari.
 72487 | Depths:2 | Noticed a golden dragon
 72492 | Depths:2 | Killed a golden dragon
 72609 | Depths:3 | Learned a level 3 spell: Tukima's Dance
 72791 | Depths:3 | Found Tevaeroa's General Store.
 72818 | Depths:3 | Found a one-way gateway to a ziggurat.
 73551 | Depths:3 | Noticed a juggernaut
 73577 | Depths:3 | Killed a juggernaut
 73869 | Depths:3 | Noticed a juggernaut
 73904 | Depths:3 | Killed a juggernaut
 73921 | Depths:3 | Noticed a juggernaut
 74092 | Hell     | Entered the Vestibule of Hell
 74119 | Depths:3 | Noticed a golden dragon
 74144 | Depths:2 | Killed a golden dragon
 74263 | Depths:2 | Killed a juggernaut
 74446 | Depths:3 | Noticed Frederick
 74460 | Depths:3 | Killed Frederick
 75380 | Depths:3 | Noticed a juggernaut
 75416 | Depths:3 | Killed a juggernaut
 75647 | Depths:3 | Reached XP level 25. HP: 163/163 MP: 17/33
 75922 | Depths:3 | Noticed a juggernaut
 75947 | Depths:3 | Killed a juggernaut
 76031 | Depths:3 | Found Wuafeg's Assorted Antiques.
 76036 | Depths:3 | Bought a brightly glowing rapier for 450 gold pieces
 76036 | Depths:3 | Identified the +5 rapier of Nudega {freeze, *Corrode rPois
                  | Int+4 Dex+2} (You bought it in a shop on level 3 of the
                  | Depths)
 77448 | Depths:3 | Noticed a dread lich
 77465 | Depths:3 | Killed a dread lich
 78745 | Depths:1 | Bought a scroll of enchant weapon for 90 gold pieces
 78837 | Depths:4 | Entered Level 4 of the Depths
 80319 | Depths:4 | Found a gate to the Realm of Zot.
 80636 | Depths:4 | Noticed a juggernaut
 81574 | Depths:4 | Killed a juggernaut
 81575 | Depths:4 | Reached XP level 26. HP: 170/170 MP: 18/33
 81720 | Depths:4 | Voluntarily entered the Abyss.
 82267 | Abyss:1  | Gained mutation: You occasionally lose the ability to drink
                  | potions when taking damage. [a shining eye]
 82272 | Abyss:1  | Gained mutation: You are frail. (-10% HP) [a shining eye]
 82274 | Abyss:1  | Gained mutation: You are occasionally teleported next to
                  | monsters. [a shining eye]
 82278 | Abyss:1  | Gained mutation: Your body sometimes deteriorates upon
                  | taking damage. [a shining eye]
 82337 | Abyss:1  | Learned a level 3 spell: Swiftness
 82912 | Depths:4 | Escaped the Abyss
 83142 | Depths:4 | Lost mutation: You occasionally lose the ability to drink
                  | potions when taking damage. [potion of mutation]
 83142 | Depths:4 | Lost mutation: You are occasionally teleported next to
                  | monsters. [potion of mutation]
 83142 | Depths:4 | Lost mutation: Your body sometimes deteriorates upon taking
                  | damage. [potion of mutation]
 83142 | Depths:4 | Gained mutation: You are partially covered in iridescent
                  | scales. (AC +2) [potion of mutation]
 83142 | Depths:4 | Gained mutation: You sometimes lose your temper in combat.
                  | [potion of mutation]
 83143 | Depths:4 | Lost mutation: You are frail. (-10% HP) [potion of
                  | mutation]
 83143 | Depths:4 | Lost mutation: You sometimes lose your temper in combat.
                  | [potion of mutation]
 83143 | Depths:4 | Lost mutation: You are partially covered in iridescent
                  | scales. (AC +2) [potion of mutation]
 83143 | Depths:4 | Gained mutation: You passively map a small area around you.
                  | [potion of mutation]
 83143 | Depths:4 | Gained mutation: You have a pair of small horns on your
                  | head. [potion of mutation]
 83143 | Depths:4 | Gained mutation: You are agile. (Dex +4, Str/Int -1)
                  | [potion of mutation]
 83143 | Depths:4 | Gained mutation: Your flesh is heat resistant. (rF+)
                  | [potion of mutation]
 83423 | Vaults:2 | Killed casual's ghost
 83428 | Vaults:2 | Got the Guidebook on the Rocks
 83657 | Depths:1 | Voluntarily entered the Abyss.
 83901 | Abyss:3  | Gained mutation: You are frail. (-10% HP) [a neqoxec]
 84228 | Abyss:4  | Found a corrupted altar of Lugonu.
 84480 | Abyss:4  | Paralysed by accursed screaming for 1 turns
 84685 | Abyss:4  | Gained mutation: You are weak. (Str -2) [a neqoxec]
 85504 | Abyss:4  | Reached XP level 27. HP: 161/161 MP: 0/33
 85550 | Abyss:4  | Noticed an ancient lich
 85594 | Abyss:4  | Gained mutation: Your body sometimes deteriorates upon
                  | taking damage. [a neqoxec]
 85646 | Abyss:4  | HP: 3/161 [small abomination (13)]
 85671 | Depths:1 | Escaped the Abyss
 85856 | Depths:1 | Killed an ancient lich
 85908 | Depths:1 | Voluntarily entered the Abyss.
 86156 | Abyss:4  | Got an abyssal rune of Zot
 86419 | Depths:1 | Escaped the Abyss
 86592 | Zot:1    | Entered Level 1 of the Realm of Zot
 86660 | Zot:1    | Lost mutation: Your body sometimes deteriorates upon taking
                  | damage. [potion of mutation]
 86660 | Zot:1    | Lost mutation: You are frail. (-10% HP) [potion of
                  | mutation]
 86660 | Zot:1    | Gained mutation: Your magical capacity is low. (-10% MP)
                  | [potion of mutation]
 86660 | Zot:1    | Gained mutation: You have a pair of horns on your head.
                  | [potion of mutation]
 86660 | Zot:1    | Lost mutation: Your magical capacity is low. (-10% MP)
                  | [potion of mutation]
 86731 | Zot:2    | Found a transporter.
 86734 | Zot:2    | Found a transporter.
 86746 | Zot:2    | Acquired a manual of Fighting
 87060 | Zot:4    | Noticed a Killer Klown
 87067 | Zot:5    | Entered Level 5 of the Realm of Zot
 87121 | Zot:4    | Noticed a Killer Klown
 87475 | Zot:5    | Noticed a dread lich
 87487 | Zot:5    | Noticed an ancient lich
 87488 | Zot:5    | Noticed an orb of fire
 87488 | Zot:5    | Noticed a Killer Klown
 87490 | Zot:5    | Noticed a dread lich
 87491 | Zot:5    | Noticed an ancient lich
 87508 | Zot:5    | Killed an ancient lich
 87521 | Zot:5    | Noticed a Killer Klown
 87524 | Zot:5    | Got the Orb of Zot
 87534 | Zot:5    | Noticed a Killer Klown
 87549 | Zot:5    | Killed a Killer Klown
 88173 | D:$      | Escaped with the Orb!

Illustrated notes

Levels and vault maps discovered:
D:1:      mushboom_english_gardens, layout_basic
D:2:      layout_basic, serial_shops, nicolae_shop_waterfront
D:3:      layout_basic, basic_ecumenical_altar
D:4:      layout_cave_pods, serial_shops, kennysheep_little_box
D:5:      layout_gridville, kennysheep_diamond, chequers_hall_statues_corner_a,
          uniq_edmund, uniq_blork_the_orc
D:6:      layout_layer_cave, kennysheep_mini_moat,
          minmay_temple_entry_gardened_gates
D:7:      layout_basic
D:8:      layout_basic, erik_lair_island, dilly_guarded_unrand_devastator
D:9:      layout_basic, grunt_dithmenos_smoke, bloody_trog,
          lemuel_flamethrower_2
D:10:     layout_basic, lemuel_coloured_pillars_altar,
          kennysheep_okawaru_gauntlet, fountainhead, minmay_misc_feat_chi
D:11:     layout_cave_pools, orc_0_dummy, nicolae_hepliaklqana_hazy_memory
D:12:     layout_irregular_city, serial_glass, glass_columns_a, glass_columns_c,
          drop_trap, ice2_lemuel, uniq_nessos, uniq_lodul, uniq_kirke
D:13:     layout_cave_pools, uniq_azrael, uniq_rupert
D:14:     layout_loops_ring, ximxim_vaults_locker_room, roderic_serpentine_path,
          statue_in_the_mist_lemuel
D:15:     grunt_enter_depths_giant_problem, layout_loops_ring
Temple:   sentei_temple_godly_chess
Lair:1:   layout_cave_pods
Lair:2:   layout_small_grid, hellmonk_ghost_happy_afterlife,
          serial_bayou_pond_b, eino_house_with_fridge, grunt_megastairs_2,
          serial_bayou_shore_a
Lair:3:   layout_roguey, swamp_mist_pool, guppyfry_snake_entry_island,
          lemuel_fruit_fields, grunt_megastairs_5, infiniplex_staircase_pool
Lair:4:   layout_big_grid, nicolae_volcano_entry_vermiform,
          nicolae_lair_liquid_snakes, infiniplex_staircase_pool_2,
          serial_bayou_shore_b, uniq_sonja
Lair:5:   hangedman_lair_tendril_chambers, layout_small_grid, wormcave,
          dpeg_slime_entry_enclosed
Swamp:1:  layout_basic_swamp, evilmike_swamp_ruin_house_1
Swamp:2:  layout_basic_swamp, ebering_ghost_xom, serial_swamp_ruin,
          evilmike_swamp_ruin_house_5, evilmike_swamp_ruin_house_6,
          uniq_mlioglotl, uniq_frances
Swamp:3:  layout_basic_swamp, evilmike_swamp_ruin_house_4
Swamp:4:  swamp_pestilence, layout_basic_swamp, swamp_pool2,
          nicolae_swamp_spriggan_camp
Snake:1:  layout_gridlike
Snake:2:  layout_honeycomb, basic_altar, nicolae_snake_shapes
Snake:3:  layout_chambers, basic_altar, uniq_mara
Snake:4:  grunt_snake_rune_pools, layout_chambers, grunt_megastairs_1,
          uniq_aizul
Orc:1:    layout_caves, basic_altar
Orc:2:    st_orc_mages, layout_caves, basic_altar
Elf:1:    layout_geoelf_octagon, minivault_28, minivault_23
Elf:2:    nicolae_elf_blades_splatter_lattice [nicolae_blade_lattice],
          layout_geoelf_octagon, lightli_enter_wizlab_magi_temple,
          corner_web_ring, glass_columns_a, minivault_15,
          minmay_misc_feat_cross, grunt_ministairs_3, st_stairs_1,
          minmay_misc_feat_diagonals, lemuel_upstairs_altar, uniq_agnes,
          uniq_jorgrun, uniq_asterion
Elf:3:    elf_hall, layout_onion_city, serial_shops,
          nicolae_shop_window_shopping, uniq_saint_roka
Vaults:1: grunt_vaults_funnel, v_misc_1, v_misc_31,
          nicolae_vaults_network_barrier, nicolae_vaults_network_s,
          hangedman_vaults_stagger, v_misc_17, v_misc_13, layout_vaults_maze,
          serial_shops, nicolae_diamond_shop, uniq_donald
Vaults:2: hellmonk_ghost_big_iron, ontoclasm_vaults_shuriken, vaults_room_pool,
          v_pattern_2, nicolae_vaults_alarming, v_misc_29, v_misc_32,
          nicolae_vaults_network_square, nicolae_vaults_little_ls,
          vaults_room_fancy_cross, v_misc_16, layout_vaults_chaotic_city
Vaults:3: v_rooms_4, hangedman_vaults_slither, vaults_dpeg_cross, v_pattern_1,
          vaults_mumra_hex, vaults_dpeg_hooks, nicolae_vaults_network_periphery,
          nicolae_vaults_little_squares_6, v_misc_23,
          nicolae_vaults_shelves_hall, layout_vaults_omnigrid
Vaults:4: portal_desolation_entry_ruin, nicolae_vaults_angled_halls,
          vaults_room_corners, grunt_vaults_swirl,
          nicolae_vaults_network_quinsquares
          [nicolae_vaults_network_quincunx_subvault,
          nicolae_vaults_network_quincunx_subvault,
          nicolae_vaults_network_quincunx_subvault,
          nicolae_vaults_network_quincunx_subvault], hangedman_vaults_slice,
          vaults_room_fancy_cross, v_misc_26, grunt_vaults_bifocal,
          vaults_room_glass_cross, v_misc_3, vaults_room_pool,
          layout_vaults_omnibox, serial_shops, shop
Depths:1: layout_roguey, nicolae_figureground_sparkle, pan_entry,
          pf_coc_iceberg, serial_shops, nicolae_shop_bloodbath_and_beyond, shop,
          nicolae_shop_temple_entry_statues_fountains, shop,
          abyss_entry_flame_altar, kiku_gazebo_pond_becter
Depths:2: evilmike_diamond_1, layout_long_grid, hell_entry,
          rand_demon_pan_entry_1, cheibrodos_ashenzari_chains
Depths:3: cell_vault, layout_small_grid, enter_ziggurat_d,
          nicolae_hell_entry_hellmouth_sunbeams, serial_shops, shop,
          nicolae_stop_n_shop_1, abyss_entry, pan_entry, nicolae_rejected_hall,
          uniq_frederick
Depths:4: grunt_twist_and_shout, layout_cave_shapes,
          hangedman_tar_grid_catacomb, grunt_pan_entry_sceptre, abyss_entry,
          dk_noncrumbling_4
Hell
Zot:1:    nicolae_moth_party, layout_basic
Zot:2:    kennysheep_ambush_hall, layout_misc_corridors,
          st_small_dragon_hoard_1, serial_nicolae_subway,
          nicolae_sub_station_crystal, nicolae_sub_station_stone,
          nicolae_sub_station_metal
Zot:3:    layout_cathedral_of_symmetry, uniq_grunn
Zot:4:    grunt_zot_stairs_faceoff, layout_gridlike, gammafunk_ghost_split,
          drop_trap
Zot:5:    layout_twisted_circle

Skill      XL: |  1  2  3  4  5  6  7  8  9 10 11 12 13 14 15 16 17 18 19 20 21 22 23 24 25 26 27 |
---------------+----------------------------------------------------------------------------------+-----
Short Blades   | 3 4 5 6 8 9 10 11 12 13 14 15 16 17 | 17.2
Stealth        | 6 7 8 9 11 12 14 15 16 18 19 20 21 22 23 24 26 27 | 27.0
Dodging        | 4 7 8 9 10 11 12 13 14 15 16 18 19 20 21 | 21.5
Fighting       | 4 6 8 9 10 11 12 13 14 15 16 17 18 19 21 | 21.2
Throwing       | 4 6 8 9 11 12 13 | 13.7
Spellcasting   | 2 4 5 6 7 |  7.3
Translocations | 2 3 4 5 |  5.6
Hexes          | 2 4 5 6 |  6.0
Armour         | 1 3 4 5 6 7 8 9 10 11 12 13 14 | 14.3
Evocations     | 3 7 10 11 14 15 16 17 18 19 | 19.1
Summonings     | 1 3 |  3.0
Earth Magic    | 1 3 4 |  4.1
Shields        | 1 4 6 8 9 10 11 12 13 14 | 14.5

Action                   |  1- 3 |  4- 6 |  7- 9 | 10-12 | 13-15 | 16-18 | 19-21 | 22-24 | 25-27 || total
-------------------------+-------+-------+-------+-------+-------+-------+-------+-------+-------++-------
Melee: Dagger            |    53 |    27 |   145 |   263 |     9 |       |       |     3 |    18 ||   518
       Punch             |     1 |       |     3 |    10 |    24 |     4 |       |       |       ||    42
       Rapier            |       |       |       |   188 |  1093 |   277 |       |       |  1671 ||  3229
       Short sword       |       |       |       |       |    86 |   852 |  1662 |  1989 |   522 ||  5111
       Headbutt          |       |       |       |       |       |       |       |       |   437 ||   437
Throw: Dart              |    15 |     5 |    11 |    16 |    81 |    11 |       |    43 |     2 ||   184
       Boomerang         |       |       |       |       |       |     3 |     3 |     2 |       ||     8
 Cast: Slow              |       |       |       |     1 |       |       |       |       |       ||     1
       Blink             |       |       |       |     1 |       |       |       |       |       ||     1
       Confusing Touch   |       |       |       |       |     2 |       |       |       |       ||     2
       Passwall          |       |       |       |       |     1 |       |     1 |     1 |     3 ||     6
       Tukima's Dance    |       |       |       |       |       |       |       |     5 |       ||     5
Invok: Potion Petition   |       |       |       |     1 |       |       |       |       |       ||     1
       Call Merchant     |       |       |       |       |     2 |     2 |       |       |       ||     4
       Bribe Branch      |       |       |       |       |       |       |       |       |     4 ||     4
Evoke: Wand              |       |       |       |     2 |       |     1 |     2 |    10 |     8 ||    23
       Condenser vane    |       |       |       |       |     1 |     2 |     1 |     1 |     1 ||     6
       Phantom mirror    |       |       |       |       |       |     1 |       |       |       ||     1
       Lightning rod     |       |       |       |       |       |       |       |     7 |       ||     7
       Box of beasts     |       |       |       |       |       |       |       |     1 |     1 ||     2
       Phial of floods   |       |       |       |       |       |       |       |       |     1 ||     1
  Use: Scroll            |     7 |     1 |     6 |     9 |     9 |    11 |     3 |     7 |    11 ||    64
       Potion            |       |       |       |     2 |     1 |     5 |     2 |     9 |    15 ||    34
 Stab: Sleeping          |    15 |    10 |    25 |    33 |   115 |   107 |   126 |   106 |    40 ||   577
       Distracted        |     1 |       |       |     7 |    20 |    24 |    25 |    31 |    72 ||   180
       Paralysed         |       |       |       |     1 |       |       |       |       |       ||     1
       Confused          |       |       |       |       |     2 |       |       |       |       ||     2
       Invisible         |       |       |       |       |     1 |       |     9 |       |     3 ||    13
Armor: Robe              |    12 |     5 |     9 |    27 |       |       |       |       |       ||    53
       Leather armour    |       |       |       |    36 |   250 |   193 |   155 |   208 |   254 ||  1096
Dodge: Dodged            |    31 |    14 |    59 |   352 |   989 |   757 |  1075 |  1314 |  1583 ||  6174
Block: Buckler           |       |       |       |       |       |   275 |   534 |   712 |   986 ||  2507
